 Dungeon Crawl Stone Soup version 0.29-a0-219-g0a02b1cf4f (webtiles) character file.

Game seed: 9643157142745984096

279 reriks the Skirmisher (level 6, 0/56 HPs)
             Began as a Hill Orc Fighter on Feb 26, 2022.
             Slain by a scorpion (6 damage)
             ... on level 4 of the Dungeon.
             The game lasted 00:07:31 (3430 turns).

reriks the Skirmisher (Hill Orc Fighter)            Turns: 3430, Time: 00:07:31

Health: 0/56       AC:  9    Str: 21    XL:     6   Next: 26%
Magic:  6/6        EV: 14    Int:  8    God:
Gold:   103        SH:  4    Dex: 10    Spells: 5/5 levels left

rFire   . . .      SeeInvis .   a - +0 rapier
rCold   . . .      Faith    .   c - +0 buckler
rNeg    . . .      Spirit   .   g - +0 swamp dragon scales
rPois   +          Reflect  .   m - +0 helmet
rElec   .          Harm     .   (no cloak)
rCorr   .          Rampage  .   (no gloves)
Will    .....                   (no boots)
Stlth   ..........              (no amulet)
HPRegen 0.18/turn               A - +4 ring of evasion
MPRegen 0.10/turn               (no ring)

@: no status effects
A: no striking features
a: no special abilities


You were on level 4 of the Dungeon.
You visited 1 branch of the dungeon, and saw 4 of its levels.

You collected 180 gold pieces.
You spent 77 gold pieces at shops.

Inventory:

Hand Weapons
 a - a +0 rapier (weapon)
 k - a +1 spear of freezing
Missiles
 t - 4 javelins (quivered)
Armour
 b - a +0 scale mail
 c - a +0 buckler (worn)
 g - +0 swamp dragon scales (worn)
 m - a +0 helmet (worn)
Jewellery
 p - a ring of willpower
 A - a +4 ring of evasion (left hand)
Wands
 u - a wand of flame (19)
 y - a wand of paralysis (9)
Scrolls
 e - a scroll of enchant weapon
 h - a scroll of magic mapping
 n - 3 scrolls of teleportation
 q - a scroll of vulnerability
 s - 3 scrolls of torment
 w - a scroll of immolation
 x - a scroll of summoning
Potions
 d - a potion of might
 f - a potion of attraction
 i - a potion of degeneration {unknown}
 j - 4 potions of brilliance
 l - a potion of invisibility {unknown}
 o - a potion of heal wounds {unknown}
 r - a potion of mutation {unknown}
 v - a potion of haste {unknown}
 z - a potion of cancellation {unknown}


   Skills:
 + Level 5.1 Fighting
 + Level 3.6 Short Blades
 + Level 4.7 Armour
 + Level 4.6 Shields


You had 5 spell levels left.
You didn't know any spells.
Your spell library contained the following spells:

 Spells                   Type           Power      Damage    Failure   Level
 Summon Forest            Summ/Tloc      0%         N/A       100%        5
 Eringya's Noxious Bog    Tmut/Pois      0%         N/A       100%        6
 Summon Hydra             Summ           0%         N/A       100%        7


Dungeon Overview and Level Annotations

Branches:
Dungeon (4/15)
 Temple: D:4-7

Altars:
Ru
Wu Jian

Shops:
D:4 ?


Message History

The scorpion is moderately wounded.
You block the scorpion's attack. The scorpion stings you.
You closely miss the scorpion.
The scorpion is moderately wounded.
The scorpion barely misses you.
You barely miss the scorpion.
The scorpion is moderately wounded.
You block the scorpion's attack.
You hit the scorpion.
The scorpion is moderately wounded.
You block the scorpion's attack. The scorpion stings you!
You barely miss the scorpion.
The scorpion is moderately wounded.
You block the scorpion's attack.
You closely miss the scorpion.
The scorpion is moderately wounded.
The scorpion barely misses you.
You hit the scorpion.
The scorpion is heavily wounded.
The scorpion stings you.
You completely miss the scorpion.
The scorpion is heavily wounded.
The scorpion stings you!
* * * LOW HITPOINT WARNING * * *
The scorpion stings you.
* * * LOW HITPOINT WARNING * * *
You barely miss the scorpion.
The scorpion is heavily wounded.
The scorpion misses you.
You hit the scorpion but do no damage.
The scorpion is heavily wounded.
The scorpion stings you.
* * * LOW HITPOINT WARNING * * *
You hit the scorpion but do no damage.
The scorpion is heavily wounded.
You block the scorpion's attack.
You hit the scorpion.
The scorpion is almost dead.
The scorpion stings you.
You die...

.....# #.....# .....#
##.....####### ...$..
+...........># .....#
##.....#####.# ...s.# #.....#
#.# .....# #.....# #.#
.....##########.....#
#.######
...............######
#......#
..............Ss@...#
#.####.#
...............####.#####.#
#.#
..###..........##....##⌠.⌠#
#.# ..
#..........##....#..∩.# #.# .
#..........##......⌠.⌠####.##
.
###############..............
#.#.###.###.#.. #.#†.##.#
#.#.# #.##.##.# #.#..


You could see a scorpion and a ball python.

Vanquished Creatures
  A phantom (D:4)
  A hound (D:4)
  7 adders
  2 worms (D:2)
  6 dart slugs
  7 ball pythons
  8 endoplasms
  4 giant cockroaches
  8 goblins
  5 hobgoblins
  17 jackals
  4 quokkas
  6 bats
  A frilled lizard (D:3)
  6 kobolds
  7 rats (D:1)
90 creatures vanquished.

Notes
Turn   | Place    | Note
-------+----------+-------------------------------------------
     0 | D:1      | reriks the Hill Orc Fighter began the quest for the Orb.
     0 | D:1      | Reached XP level 1. HP: 19/19 MP: 1/1
    52 | D:1      | Reached XP level 2. HP: 24/27 MP: 2/2
   141 | D:1      | Reached skill level 4 in Fighting
   145 | D:1      | Reached XP level 3. HP: 17/33 MP: 3/3
   911 | D:1      | Found a faded altar of an unknown god.
   925 | D:1      | Reached XP level 4. HP: 40/40 MP: 4/4
  1235 | D:2      | Found an ornate altar of the Wu Jian Council.
  1507 | D:2      | Reached XP level 5. HP: 41/47 MP: 5/5
  2620 | D:3      | Found a sacrificial altar of Ru.
  3102 | D:4      | Found Hunuo's Magic Scroll Shop.
  3107 | D:4      | Bought a scroll of identify for 28 gold pieces
  3164 | D:4      | Bought a scroll of magic mapping for 49 gold pieces
  3182 | D:4      | Noticed a phantom
  3204 | D:4      | Killed a phantom
  3205 | D:4      | Reached skill level 5 in Fighting
  3205 | D:4      | Reached XP level 6. HP: 24/56 MP: 6/6
  3430 | D:4      | Slain by a scorpion

Illustrated notes

Levels and vault maps discovered:
D:1:      dpeg_arrival_windows_large_door, layout_basic,
          hellmonk_ecumenical_altar_dog_temple, minmay_hexomino_u4
D:2:      layout_loops_ring, basic_altar, minmay_box_of_dots
D:3:      layout_loops_cross, hangedman_ru_absence,
          chequers_serial_rivers_micro_c
D:4:      layout_basic, serial_shops, shop_fountains, uniq_menkaure

Skill      XL: |  1  2  3  4  5 |
---------------+----------------+-----
Fighting       | 4 5 |  5.1
Armour         | 4 |  4.7
Shields        | 4 |  4.6
Short Blades   | 3 |  3.6

Action                   |  1- 3 |  4- 6 || total
-------------------------+-------+-------++-------
Melee: Rapier            |   157 |   258 ||   415
  Use: Scroll            |       |     8 ||     8
Armor: Scale mail        |    29 |       ||    29
       Swamp dragon scal |    37 |   109 ||   146
Dodge: Dodged            |    78 |   121 ||   199
Block: Buckler           |    29 |    57 ||    86

Table legend: (Time is in decaauts)
 A = Elapsed time spent in this place.
 B = Non-inter-level travel time spent in this place.
 C = Inter-level travel time spent in this place.
 D = Time resting spent in this place.
 E = Time spent auto-exploring this place.
 F = Levels seen in this place.
 G = Mean time per level.
                   A        B        C        D        E       F      G
               +--------+--------+--------+--------+--------+-----+--------+
         Total |   3469 |   3469 |      0 |   1010 |   1434 |   4 |  867.2 |
       Dungeon |   3469 |   3469 |      0 |   1010 |   1434 |   4 |  867.2 |
               +--------+--------+--------+--------+--------+-----+--------+

Top non-repeatable levels by time:
     D:1: 1183 daAuts
     D:2: 1136 daAuts
     D:3: 715 daAuts
     D:4: 434 daAuts
